 Dungeon Crawl Stone Soup version 0.17.1-3-g152610e (webtiles) character file.

108 Goblin1989 the Cudgeler (level 4, -1/26 HPs)
             Began as a Gargoyle Gladiator on Mar 8, 2016.
             Was an Initiate of Okawaru.
             Slain by an ogre
             ... wielding a +0 giant spiked club
              (5 damage)
             ... on level 3 of the Dungeon.
             The game lasted 00:05:50 (2379 turns).

Goblin1989 the Cudgeler (Gargoyle Gladiator)        Turns: 2379, Time: 00:05:50

Health: -1/26      AC: 13    Str: 19    XL:     4   Next: 87%
Magic:  4/4        EV:  7    Int:  8    God:    Okawaru [......]
Gold:   77         SH:  0    Dex:  8    Spells: 0 memorised, 3 levels left

rFire  . . .     SeeInvis .     a - +1 flail
rCold  . . .     Clarity  .     j - +0 chain mail
rNeg   + . .     SustAt   .     (no shield)
rPois  ∞         Gourm    .     c - +0 helmet
rElec  +         Spirit   .     (no cloak)
rCorr  .         Warding  .     o - +0 pair of gloves
rMut   .         Stasis   .     (no boots)
MR     .....                    (no amulet)
Stlth  ..........               (no ring)
                                f - -3 ring of dexterity (curse)

@: not resistant to hostile enchantments, extremely unstealthy
A: negative energy resistance 1, electricity resistance, unbreathing,
petrification resistance, rot immunity, AC +3
a: Renounce Religion


You were on level 3 of the Dungeon.
You worshipped Okawaru.
Okawaru was noncommittal.
You were completely stuffed.

You visited 1 branch of the dungeon, and saw 4 of its levels.

You collected 77 gold pieces.

Inventory:

Hand Weapons
 a - a +1 flail (weapon)
Missiles
 e - a throwing net (quivered)
Armour
 c - a +0 helmet (worn)
 j - a +0 chain mail (worn)
 o - a +0 pair of gloves (worn)
Jewellery
 f - a cursed -3 ring of dexterity (left hand)
 g - an uncursed ring of positive energy {unknown}
 k - a cursed -2 ring of strength {unknown}
Scrolls
 i - a scroll of recharging {unknown}
 m - 2 scrolls of remove curse {unknown}
 n - 3 scrolls of identify {unknown}
Potions
 h - 2 potions of curing {unknown}
 l - a potion of beneficial mutation {unknown}
 p - a potion of agility {unknown}
Comestibles
 b - a meat ration
 d - a bread ration
 q - 4 chunks of flesh


   Skills:
 - Level 2.1 Fighting
 + Level 5.4 Maces & Flails
 - Level 1.7 Throwing
 - Level 2.4 Dodging


You had 3 spell levels left.
You didn't know any spells.

Dungeon Overview and Level Annotations

Branches:
Dungeon (4/15)
 Temple: D:4-7

Altars:
Okawaru


Innate Abilities, Weirdness & Mutations

You are resistant to torment.
Your stone body is resilient (AC +3).
You are immune to poison.
You resist negative energy.
You are resistant to electric shocks.
You can survive without breathing.
You are immune to petrification.
You are immune to rotting.


Message History

You sock the ogre!
The ogre is heavily wounded.
The ogre struggles against the net.
Your chain mail prevents you from hitting the ogre.
The ogre is heavily wounded.
The ogre struggles against the net.
Your chain mail prevents you from hitting the ogre.
The ogre is heavily wounded.
The ogre struggles against the net.
You sock the ogre!
The ogre is severely wounded.
The ogre struggles against the net.
The net rips apart, and the ogre comes free!
Throwing (i - inventory):
e - 2 throwing nets (quivered)
Press: ? - help, Shift-Dir - straight line, f/p - ogre
Aim: an ogre, wielding a giant spiked club (severely wounded)
You throw a throwing net.
The throwing net barely misses the ogre.
The ogre hits you with a giant spiked club.
You die...

#.###########.# #.#####....
#.............# #.# #....
#..##############.# #....
#..#.....#(...>.#.# #.... ##
#..#............#.#####....
.######.......(.............#....
.#...................##.###.#....
.#.####.########O######.....#....
.#.######.#.#.##@############....
.#.....##≈≈≈≈≈≈#(#..........#....
.#####.#_......((#.########.#####
.# #.##≈≈≈≈≈(###.#......#.#
.#########.#.#.# #.#.####.#.#
........######## #.#.# #.#.#
...###############.#.# #.#.#
...................#.# #.#.#
...#################.# #.#.#


You could see an ogre.

Vanquished Creatures
  A gnoll (D:3)
  3 adders (D:3)
  A worm (D:1)
  A giant gecko (D:1)
  An orc (D:3)
  5 bats
  A giant cockroach (D:1)
  8 goblins
  11 hobgoblins
  6 jackals
  2 quokkas (D:3)
  8 giant newts
  10 kobolds
  5 rats
63 creatures vanquished.

Notes
Turn   | Place    | Note
--------------------------------------------------------------
     0 | D:1      | Goblin1989 the Gargoyle Gladiator began the quest for the Orb.
     0 | D:1      | Reached XP level 1. HP: 12/12 MP: 1/1
    53 | D:1      | Reached XP level 2. HP: 9/17 MP: 2/2
   526 | D:1      | Reached skill level 4 in Maces & Flails
   652 | D:1      | Reached XP level 3. HP: 21/21 MP: 3/3
  1511 | D:3      | Reached XP level 4. HP: 22/26 MP: 4/4
  1828 | D:3      | Reached skill level 5 in Maces & Flails
  2248 | D:3      | Found an iron altar of Okawaru.
  2290 | D:3      | Became a worshipper of Warmaster Okawaru
  2365 | D:4      | Noticed an ogre
  2379 | D:3      | Slain by an ogre

Action                   |  1- 3 |  4- 6 || total
-------------------------+-------+-------++-------
Melee: Flail             |   155 |    85 ||   240
Throw: Throwing net      |       |     2 ||     2
  Use: Scroll            |     2 |       ||     2
  Eat: Pizza             |     1 |       ||     1
       Chunk             |       |     3 ||     3
       Bread ration      |       |     2 ||     2
